AoeStats
← khalil_II

Black Forest

503481395Analyzed
2v2 RM · 1mo ago on Aug 31, 2026· 80m 29s· 4 players
Game mode
Random Map
Map size
Medium (4 player)
Population
200
Speed
Normal
Resources
Standard
Victory
Conquest
Starting age
Dark Age
Ending age
Imperial Age
RankedLock teamsTeams togetherTeam positionsShared explorationLock speedFull tech treeHidden civsTurbo modeCheats
Victory
Defeat
🇩🇪 Persians · Germany
835
+18
🇺🇸 Teutons · United States
816
+19
🇦🇷 Chinese · Argentina
882
-19
🇦🇷 Turks · Argentina
882
-19
Knarf
0:28 Loom
15:30 Feudal Age
19:18 Castle Age
17:16 Horse Collar
17:23 Double-Bit Axe
20:19 Bow Saw
21:36 Stone Mining
21:38 Gold Mining
33:27 Imperial Age
30:45 Town Watch
33:02 Wheelbarrow
33:16 Gold Shaft Mining
32:51 Kamandaran
32:50 Fletching
33:01 Padded Archer Armor
34:14 Hand Cart
33:57 Bodkin Arrow
34:20 Leather Archer Armor
34:59 Ballistics
34:53 Masonry
34:42 Murder Holes
35:10 Forging
35:06 Scale Barding Armor
36:07 Town Patrol
36:11 Heavy Plow
37:16 Two-Man Saw
37:12 Ring Archer Armor
37:18 Iron Casting
37:04 Chain Barding Armor
37:08 Conscription
37:05 Onager
38:16 Husbandry
38:26 Bloodlines
38:24 Thumb Ring
37:47 Crossbowman
40:07 Blast Furnace
39:43 Plate Barding Armor
40:17 Architecture
40:01 Caravan
41:41 Stone Shaft Mining
41:27 Elite War Elephant
44:10 Pikeman
44:51 Squires
44:52 Scale Mail Armor
47:01 Chain Mail Armor
46:51 Light Cavalry
47:58 Hussar
53:12 Cavalier
55:02 Elite Skirmisher
57:01 Heavy Camel Rider
61:19 Savar
Toade7
3:08 Loom
12:28 Feudal Age
14:45 Double-Bit Axe
15:33 Fishing Lines
16:31 Wheelbarrow
23:14 Castle Age
21:53 Horse Collar
24:21 Gillnets
24:46 Bow Saw
28:22 Hand Cart
29:42 Fortified Wall
30:15 Caravan
30:50 Town Watch
31:39 Masonry
31:55 Ballistics
33:49 Stone Mining
33:56 Gold Mining
37:08 Imperial Age
34:38 Fletching
34:49 Scale Mail Armor
35:33 Heavy Plow
35:56 Town Patrol
36:53 Squires
36:17 Pikeman
38:14 Stone Shaft Mining
37:20 Capped Ram
37:50 Arson
37:30 Halberdier
39:29 Bodkin Arrow
39:52 Chain Mail Armor
39:49 Forging
40:27 Scale Barding Armor
41:36 Ironclad
41:39 Conscription
41:58 Hoardings
41:56 Plate Mail Armor
42:53 Two-Man Saw
42:26 Crop Rotation
43:19 Chemistry
42:31 Siege Engineers
43:23 Iron Casting
43:08 Chain Barding Armor
44:47 Crenellations
46:41 Blast Furnace
47:43 Plate Barding Armor
47:34 Bombard Tower
50:14 Padded Archer Armor
58:31 Bloodlines
59:11 Cavalier
61:22 Leather Archer Armor
63:25 Paladin
73:26 Ring Archer Armor
73:26 Elite Skirmisher
73:40 Elite Skirmisher
abboood1998
1:42 Loom
13:51 Feudal Age
15:07 Wheelbarrow
14:18 Town Watch
14:26 Double-Bit Axe
15:33 Horse Collar
16:24 Gold Mining
16:27 Stone Mining
24:06 Castle Age
25:19 Town Patrol
28:11 Hand Cart
31:41 Caravan
36:10 Imperial Age
35:10 Gold Shaft Mining
35:03 Bow Saw
35:13 Heavy Plow
36:09 Forging
36:00 Scale Mail Armor
36:05 Scale Barding Armor
37:51 Two-Man Saw
37:03 Elite Janissary
38:04 Conscription
39:10 Chain Mail Armor
39:31 Iron Casting
39:16 Chain Barding Armor
40:46 Artillery
42:59 Murder Holes
43:17 Husbandry
43:27 Bloodlines
42:46 Man-at-Arms
43:26 Squires
43:12 Arson
46:11 Blast Furnace
45:41 Plate Mail Armor
45:47 Plate Barding Armor
45:48 Long Swordsman
48:01 Hoardings
50:27 Two-Handed Swordsman
57:35 Champion
khalil_II
0:46 Loom
13:47 Feudal Age
14:47 Feudal Age
20:44 Castle Age
19:06 Horse Collar
19:14 Double-Bit Axe
19:59 Gold Mining
26:30 Wheelbarrow
27:28 Ballistics
27:55 Caravan
27:56 Town Watch
29:27 Gold Shaft Mining
28:49 Stone Mining
29:37 Fletching
31:25 Town Patrol
32:01 Thumb Ring
34:40 Imperial Age
32:55 Thumb Ring
32:47 Bodkin Arrow
33:31 Bow Saw
34:43 Heavy Scorpion
35:44 Conscription
36:39 Chemistry
37:03 Two-Man Saw
37:51 Rocketry
39:49 Hand Cart
39:37 Bracer
39:38 Padded Archer Armor
40:27 Elite Skirmisher
41:24 Leather Archer Armor
44:00 Ring Archer Armor
44:17 Heavy Plow
44:31 Arrowslits
44:56 Heavy Rocket Cart
50:06 Elite Chu Ko Nu
50:42 Light Cavalry
51:33 Bloodlines
51:23 Husbandry
51:51 Scale Barding Armor
51:56 Forging
54:28 Elite Fire Lancer
55:14 Pikeman
55:54 Squires
55:45 Halberdier
56:58 Scale Mail Armor
57:34 Iron Casting
60:15 Murder Holes
60:06 Crossbowman
66:55 Chain Mail Armor
72:32 Cavalier
Connection lost

Rejoining the realm…

Still unreachable

The connection could not be restored.

Session expired

The server has moved on; the page needs a fresh start.